 Dungeon Crawl Stone Soup version 0.20-a0-16-g0876c8e (webtiles) character file.

2881 kae the Carver (level 9, 0/54 HPs)
             Began as a High Elf Gladiator on Nov 3, 2016.
             Was a Believer of Dithmenos.
             Slain by a wyvern (16 damage)
             ... on level 8 of the Dungeon.
             The game lasted 00:15:57 (11586 turns).

kae the Carver (High Elf Gladiator)                Turns: 11586, Time: 00:15:58

Health: 0/54       AC:  7    Str: 14    XL:     9   Next: 48%
Magic:  10/10      EV: 13    Int: 12    God:    Dithmenos [**....]
Gold:   415        SH:  6    Dex: 20    Spells: 0 memorised, 8 levels left

rFire  + . .     SeeInvis +     a - +0 long sword
rCold  . . .     Gourm    .     w - +1 leather armour "Qaesaoq" {rF+ MR++}
rNeg   . . .     Faith    .     q - +0 buckler
rPois  +         Spirit   .     c - +0 helmet
rElec  .         Reflect  .     I - +0 cloak
rCorr  .         Harm     .     (no gloves)
MR     ++...                    u - +0 pair of boots
Stlth  ++........               (no amulet)
                                h - ring of poison resistance
                                r - ring of see invisible

@: wreathed by umbra
A: no striking features
a: Shadow Step, Renounce Religion


You were on level 8 of the Dungeon.
You worshipped Dithmenos.
Dithmenos was pleased with you.
You were not hungry.

You visited 2 branches of the dungeon, and saw 9 of its levels.
You also visited: Sewer.

You collected 415 gold pieces.

Inventory:

Hand Weapons
 a - a +0 long sword (weapon)
Missiles
 d - 3 throwing nets (quivered)
Armour
 c - a +0 helmet (worn)
 q - a +0 buckler (worn)
 u - a +0 pair of boots (worn)
 w - the +1 leather armour "Qaesaoq" (worn) {rF+ MR++}
   (You took it off a kobold on level 4 of the Dungeon)

   It protects you from fire.
   It affects your resistance to hostile enchantments.
 I - a +0 cloak (worn)
Jewellery
 g - a +3 ring of intelligence
 h - a ring of poison resistance (right hand)
 r - a ring of see invisible (left hand)
 E - a +2 ring of protection {unknown}
Wands
 G - a wand of teleportation (5/9)
 J - a wand of flame (27/48)
Scrolls
 b - 4 scrolls of remove curse
 e - a scroll of magic mapping {unknown}
 j - a scroll of immolation
 t - 3 scrolls of random uselessness
 y - 3 scrolls of teleportation
 z - a scroll of blinking
 F - 5 scrolls of identify {unknown}
Potions
 i - 2 potions of degeneration {unknown}
 k - 2 potions of lignification {unknown}
 l - a potion of experience {unknown}
 m - a potion of ambrosia {unknown}
 n - a potion of cancellation {unknown}
 p - a potion of brilliance {unknown}
 v - 2 potions of invisibility {unknown}
 x - 2 potions of flight {unknown}
 A - a potion of agility {unknown}
 B - a potion of heal wounds {unknown}
 C - a potion of curing {unknown}
 H - a potion of magic {unknown}
 K - a potion of beneficial mutation {unknown}
Books
 M - a book of Necromancy

   Spells                             Type                      Level
   a - Pain                           Necromancy                   1
   b - Animate Skeleton               Necromancy                   1
   c - Vampiric Draining              Necromancy                   3
   d - Regeneration                   Charms/Necromancy            3
   e - Animate Dead                   Necromancy                   4
   f - Control Undead                 Necromancy                   4
Comestibles
 f - 4 bread rations
 o - a beef jerky
 s - 3 meat rations
 D - a slice of pizza
 L - 3 chunks of flesh


   Skills:
 - Level 2.0 Fighting
 * Level 13.5 Long Blades
 - Level 2.0 Throwing
 - Level 3.2 Dodging
 + Level 5.8 Shields


You had 8 spell levels left.
You didn't know any spells.

Dungeon Overview and Level Annotations

Branches:
Dungeon (8/15)             Temple (1/1) D:4
   Lair: D:8-11

Altars:
Ashenzari
Cheibriados
Dithmenos
Elyvilon
Fedhas
Gozag
Hepliaklqana
Kikubaaqudgha
Makhleb
Nemelex Xobeh
Okawaru
Qazlal
Ru
Sif Muna
Trog
Uskayaw
Vehumet
Xom
Yredelemnul
Zin
The Shining One

Shops:
D:4 *


Message History

The wyvern is lightly wounded.
The wyvern bites you!
You slash the wyvern!
The wyvern is moderately wounded.
The wyvern bites you!
You are too injured to fight recklessly!
You are too injured to fight recklessly!
You are too injured to fight recklessly!
You are too injured to fight recklessly!
You are too injured to fight recklessly!
You are too injured to fight recklessly!
You are too injured to fight recklessly!
You hit the wyvern but do no damage.
The wyvern is moderately wounded.
The wyvern bites you!
* * * LOW HITPOINT WARNING * * *
You closely miss the wyvern.
The wyvern is moderately wounded.
The wyvern bites you!
You die...

.##.#.#.####..###..
..†........#........
.##................#
.##................#
.##..†.......>.....#
.##..............<.#
###................##
#.................#
#####....#....@...#
######.....l..#
##.###...# #.# ...#
..# ...# #### ####


You could see a wyvern.

Vanquished Creatures
  Pikel (D:7)
  Grinder (D:6)
  Duvessa (D:5)
  2 sky beasts
  A slave (D:7)
  3 phantoms
  Blork the orc (D:5)
  A big kobold (Sewer)
  The ghost of Soeti the Sneak, an amateur VSMo (D:4)
  3 bullfrogs
  Dowan (D:5)
  3 scorpions
  4 howler monkeys
  A crimson imp (D:6)
  A bullfrog zombie (D:5)
  2 orc wizards (D:7)
  3 orc priests
  4 hounds
  Crazy Yiuf (D:5)
  A bullfrog skeleton (D:6)
  A centaur skeleton (D:4)
  An iguana (D:6)
  7 worker ants
  3 gnolls (D:7)
  11 adders
  A river rat (Sewer)
  2 shadow imps
  2 oozes
  2 adder skeletons
  3 worms (D:2)
  3 dart slugs
  5 leopard geckos
  24 orcs
  6 ball pythons
  7 giant cockroaches
  6 goblins
  11 hobgoblins
  9 jackals
  5 quokkas
  6 bats
  5 frilled lizards
  2 jackal skeletons
  14 kobolds
  A leopard gecko skeleton (D:4)
  A leopard gecko zombie (D:6)
  8 rats
  2 toadstools (D:1)
184 creatures vanquished.

Vanquished Creatures (others)
  3 slaves (D:7)
  A crimson imp (D:7)
  An adder (D:7)
  3 orcs (D:7)
  2 toadstools (D:1)
10 creatures vanquished.

Grand Total: 194 creatures vanquished

Notes
Turn   | Place    | Note
-------+----------+-------------------------------------------
     0 | D:1      | kae the High Elf Gladiator began the quest for the Orb.
     0 | D:1      | Reached XP level 1. HP: 14/14 MP: 2/2
   210 | D:1      | Reached skill level 4 in Long Blades
   233 | D:1      | Reached XP level 2. HP: 19/19 MP: 3/3
   595 | D:1      | Reached skill level 5 in Long Blades
   706 | D:1      | Reached XP level 3. HP: 13/24 MP: 4/4
  1483 | D:2      | Found a sparkling altar of Nemelex Xobeh.
  1838 | D:2      | Reached XP level 4. HP: 15/29 MP: 5/5
  1843 | D:2      | Reached skill level 6 in Long Blades
  2861 | D:3      | Reached skill level 7 in Long Blades
  2861 | D:3      | Reached XP level 5. HP: 18/34 MP: 6/6
  4184 | D:3      | Reached skill level 8 in Long Blades
  4376 | D:4      | Found a staircase to the Ecumenical Temple.
  4422 | D:4      | Noticed Soeti's ghost (amateur VSMo)
  4449 | Temple   | Entered the Ecumenical Temple
  4532 | Temple   | Became a worshipper of Dithmenos the Shadowed
  4738 | D:4      | Reached XP level 6. HP: 30/39 MP: 7/7
  4976 | D:4      | Got an ancient leather armour
  4990 | D:4      | Identified the +1 leather armour "Qaesaoq" {rF+ MR++} (You took it off a kobold on level 4 of the Dungeon)
  5009 | D:4      | Found a sacrificial altar of Ru.
  5163 | D:4      | Found Rudoesum's Serpentskin Sales.
  6180 | D:5      | Entered Level 5 of the Dungeon
  6180 | D:5      | Noticed Duvessa
  6180 | D:5      | Noticed Dowan
  6273 | D:5      | Noticed a sky beast
  6299 | D:5      | Killed a sky beast
  6299 | D:5      | Reached skill level 9 in Long Blades
  6299 | D:5      | Reached skill level 1 in Shields
  6303 | D:5      | Noticed Blork the orc
  6339 | D:5      | Reached XP level 7. HP: 43/45 MP: 8/8
  7135 | D:5      | Reached skill level 10 in Long Blades
  7220 | D:5      | Found a blossoming altar of Fedhas.
  7268 | D:5      | Killed Duvessa
  7279 | D:5      | Killed Dowan
  7897 | D:5      | Found a runed door.
  8135 | D:6      | Reached XP level 8. HP: 46/50 MP: 9/9
  8164 | D:6      | Reached * piety under Dithmenos
  8230 | D:6      | Reached skill level 11 in Long Blades
  8236 | D:6      | Found a glowing drain.
  8267 | Sewer    | Entered a sewer
  8417 | Sewer    | Found a white marble altar of Elyvilon.
  8726 | D:6      | Found a glowing golden altar of the Shining One.
  8726 | D:6      | Noticed Grinder
  8738 | D:6      | Killed Grinder
  8930 | D:6      | Found a snail-covered altar of Cheibriados.
  9170 | D:6      | Reached ** piety under Dithmenos
  9367 | D:5      | Noticed Crazy Yiuf
  9374 | D:5      | Killed Crazy Yiuf
  9374 | D:5      | Reached skill level 12 in Long Blades
  9438 | D:5      | Killed Blork the orc
  9778 | D:4      | Killed Soeti's ghost
 10542 | D:7      | Reached XP level 9. HP: 51/54 MP: 10/10
 10730 | D:7      | Noticed Pikel
 10764 | D:7      | Killed Pikel
 10764 | D:7      | Reached skill level 13 in Long Blades
 10764 | D:7      | Reached skill level 5 in Shields
 11042 | D:7      | Found a glowing silver altar of Zin.
 11085 | D:7      | Found a burning altar of Makhleb.
 11086 | D:7      | Found a radiant altar of Vehumet.
 11586 | D:8      | Slain by a wyvern

Vault maps used:
D:1:      ldierk_water_garden
D:2:      nemelex_xobeh_ov_fountains_minmay, serial_bayou_pond_d,
          minmay_mini_jars
D:3:      kennysheep_generic_room_3
D:4:      nicolae_ru_awakened_eye, first_bread, guppyfry_shop_venom
D:5:      lemuel_round_altar, serial_column_ruins, column_ruins_grid_5,
          column_ruins_corridor_straight, column_ruins_grid_1,
          column_ruins_columns_corner, uniq_duvessa, uniq_crazy_yiuf_cottage,
          uniq_blork_the_orc
D:6:      old_standard_altar, portal_sewer_entry_f, basic_altar, uniq_grinder
D:7:      grunt_temple_overflow_lords_of_destruction, zin_statuary, uniq_pikel
D:8:      grunt_pizzeria, minmay_three_doors
Temple:   nicolae_temple_great_sept
Sewer:    sewer_kobolds

Skill      XL: |  1  2  3  4  5  6  7  8  9 |
---------------+----------------------------+-----
Long Blades    | 4 5 7 8 9 10 12 13 | 13.5
Shields        | 1 3 4 5 |  5.8
Fighting       | |  2.0
Throwing       | |  2.0
Dodging        | |  3.2

Action                   |  1- 3 |  4- 6 |  7- 9 || total
-------------------------+-------+-------+-------++-------
Melee: Long sword        |   123 |   227 |   484 ||   834
  Use: Scroll            |       |     7 |     1 ||     8
       Potion            |       |       |     4 ||     4
 Stab: Sleeping          |     2 |       |     3 ||     5
  Eat: Chunk             |     3 |    12 |    14 ||    29
       Bread ration      |       |     1 |       ||     1
       Beef jerky        |       |       |     1 ||     1
Armor: Leather armour    |    30 |    51 |    57 ||   138
Dodge: Dodged            |    78 |   135 |   201 ||   414
Block: Buckler           |       |    13 |    71 ||    84
       Rpst.: Long sword |    25 |    45 |    64 ||   134
